PCL
HOUSTON HAMMERTIME @ MEXICO CITY CERVECEROS
05/22/2028
 
TOP OF THE 1ST
Houston Hammertime batting - Pitching for Mexico City Cerveceros : LHP Sean Perry
Pitching: LHP Sean Perry
Batting: SHB Carlos Córdova 0-0: Ball
1-0: Called Strike
1-1: Foul Ball, location: 2F
1-2: Ball
2-2: Ball
3-2: Base on Balls
Batting: LHB Leonardo Medina 0-0: Called Strike
0-1: Swinging Strike
0-2: Foul Ball, location: 2F
0-2: Ball
1-2: Ball
2-2: Ball
3-2: Base on Balls
Carlos Córdova to second
Batting: RHB José García 0-0: Ball
1-0: Foul Ball, location: 2F
1-1: Ball
Leonardo Medina steals 2nd base
Carlos Córdova to third
2-1: Ball
3-1: Base on Balls
Batting: RHB John Major 0-0: Ball
1-0: Swinging Strike
1-1: Foul Ball, location: 2F
1-2: Foul Ball, location: 2F
1-2: Ball
2-2: Foul Ball, location: 2F
2-2: Foul Ball, location: 2F
2-2: Strikes out looking
Batting: RHB Dan Mason 0-0: Called Strike
0-1: Ball
1-1: Ball
2-1: Ball
3-1: SINGLE (Groundball, 6MD)
Carlos Córdova scores
Leonardo Medina to third
José García to second
Runner from 3rd tries for Home, SAFE, no throw
Batting: LHB José Esparza 0-0: Called Strike
0-1: Ball
1-1: Foul Ball, location: 2F
1-2: Ball
2-2: SINGLE (Groundball, 3) (infield hit)
José García to third
Dan Mason to second
Batting: LHB António Camacho 0-0: Called Strike
0-1: Ball
1-1: Fly out, F7 (Flyball, 7LM)
Runner from 3rd tags up, SCORES, no throw
Batting: RHB Santo Cruz 0-0: Ball
1-0: Ball
2-0: Foul Ball, location: 2F
2-1: Foul Ball, location: 2F
2-2: Ball
3-2: Foul Ball, location: 2F
3-2: Base on Balls
Dan Mason to third
José Esparza to second
Batting: RHB Victor Andrews 0-0: Swinging Strike
0-1: Swinging Strike
0-2: Strikes out swinging
Top of the 1st over - 3 run(s), 2 hit(s), 0 error(s), 3 left on base; Houston 3 - Mexico City 0
BOTTOM OF THE 1ST
Mexico City Cerveceros batting - Pitching for Houston Hammertime : RHP Máximo Marín
Pitching: RHP Máximo Marín
Batting: RHB Luis Peña 0-0: Ball
1-0: Fly out, F3 (Popup, 3D)
Batting: RHB Murai Ishihara 0-0: Called Strike
0-1: Ball
1-1: Called Strike
1-2: Strikes out swinging
Batting: RHB Hamilton Holbrook 0-0: Foul Ball, location: 2F
0-1: Foul Ball, location: 2F
0-2: Ball
1-2: Ball
2-2: Ground out 6-3 (Groundball, 6S)
Bottom of the 1st over - 0 run(s), 0 hit(s), 0 error(s), 0 left on base; Houston 3 - Mexico City 0
TOP OF THE 2ND
Houston Hammertime batting - Pitching for Mexico City Cerveceros : LHP Sean Perry
Batting: SHB Carlos Córdova 0-0: Ball
1-0: Ball
2-0: Foul Ball, location: 2F
2-1: Foul Ball, location: 2F
2-2: Foul Ball, location: 2F
2-2: Ground out 4-3 (Groundball, 34)
Batting: LHB Leonardo Medina 0-0: Ball
1-0: Ball
2-0: SINGLE (Groundball, 25) (infield hit)
Batting: RHB José García 0-0: Ball
1-0: Ball
2-0: Ball
3-0: Base on Balls
Leonardo Medina to second
Batting: RHB John Major 0-0: Called Strike
0-1: Swinging Strike
0-2: Foul Ball, location: 2F
0-2: Foul Ball, location: 2F
0-2: Ball
1-2: Strikes out swinging
Batting: RHB Dan Mason 0-0: Ball
1-0: Ball
2-0: Ball
3-0: Called Strike
3-1: Base on Balls
Leonardo Medina to third
José García to second
Batting: LHB José Esparza 0-0: Called Strike
0-1: Ball
1-1: Foul Ball, location: 2F
1-2: Fielders Choice at 2nd, 4-6 (Groundball, 4)
Top of the 2nd over - 0 run(s), 1 hit(s), 0 error(s), 2 left on base; Houston 3 - Mexico City 0
BOTTOM OF THE 2ND
Mexico City Cerveceros batting - Pitching for Houston Hammertime : RHP Máximo Marín
Batting: RHB Dennis Stephenson 0-0: Ball
1-0: Foul Ball, location: 2F
1-1: Called Strike
1-2: Strikes out swinging
Batting: LHB Gary Kern 0-0: DOUBLE (Line Drive, 9LD)
Batting: RHB Robinson Pacheco 0-0: Ball
1-0: Ball
2-0: Swinging Strike
2-1: Called Strike
2-2: Ball
3-2: Base on Balls
Batting: LHB Juan García 0-0: Ball
1-0: Ball
2-0: Fielders Choice at 2nd, 1-4 (Groundball, 15S)
Gary Kern to third
Batting: SHB Richard Bowman 0-0: Ball
1-0: Ball
2-0: Ball
3-0: Base on Balls
Juan García to second
Batting: LHB Don Soper 0-0: Ball
1-0: Ball
2-0: Swinging Strike
2-1: Called Strike
2-2: Foul Ball, location: 2F
2-2: Ball
3-2: Base on Balls
Gary Kern scores
Juan García to third
Richard Bowman to second
Batting: RHB Luis Peña 0-0: Ball
1-0: Fielders Choice at 2nd, 5-4 (Groundball, 56)
Bottom of the 2nd over - 1 run(s), 1 hit(s), 0 error(s), 2 left on base; Houston 3 - Mexico City 1
TOP OF THE 3RD
Houston Hammertime batting - Pitching for Mexico City Cerveceros : LHP Sean Perry
Batting: LHB António Camacho 0-0: SINGLE (Line Drive, 7LS)
Batting: RHB Santo Cruz 0-0: Called Strike
0-1: Ball
1-1: Ball
2-1: Ball
3-1: Base on Balls
António Camacho to second
Batting: RHB Victor Andrews 0-0: Grounds into double play, 5-4-3 (Groundball, 56)
António Camacho to third
Batting: SHB Carlos Córdova 0-0: Ball
1-0: Called Strike
1-1: TRIPLE (Flyball, 9LM)
António Camacho scores
Batting: LHB Leonardo Medina 0-0: Called Strike
0-1: Ball
1-1: Foul Ball, location: 2F
1-2: Ball
2-2: Ball
3-2: Base on Balls
Batting: RHB José García 0-0: Fly out, F9 (Flyball, 9S)
Top of the 3rd over - 1 run(s), 2 hit(s), 0 error(s), 2 left on base; Houston 4 - Mexico City 1
BOTTOM OF THE 3RD
Mexico City Cerveceros batting - Pitching for Houston Hammertime : RHP Máximo Marín
Batting: RHB Murai Ishihara 0-0: Ball
1-0: Ground out 5-3 (Groundball, 56)
Batting: RHB Hamilton Holbrook 0-0: Swinging Strike
0-1: Ball
1-1: Swinging Strike
1-2: Strikes out looking
Batting: RHB Dennis Stephenson 0-0: Ball
1-0: Fly out, F1 (Line Drive, 13)
Bottom of the 3rd over - 0 run(s), 0 hit(s), 0 error(s), 0 left on base; Houston 4 - Mexico City 1
TOP OF THE 4TH
Houston Hammertime batting - Pitching for Mexico City Cerveceros : LHP Sean Perry
Pitching: RHP Tex Perkins
Batting: RHB John Major 0-0: Foul Ball, location: 2F
0-1: Foul Ball, location: 2F
0-2: Ball
1-2: Ball
2-2: SINGLE (Groundball, 4MD)
Batting: RHB Dan Mason 0-0: Ball
1-0: Swinging Strike
1-1: Ball
Wild Pitch!
John Major to second
2-1: Ball
Wild Pitch!
John Major to third
3-1: Foul Ball, location: 2F
3-2: Base on Balls
Batting: LHB José Esparza 0-0: Foul Ball, location: 2F
0-1: Fielders Choice at 2nd, 4-6 (Groundball, 34)
John Major scores
Batting: LHB António Camacho 0-0: Called Strike
0-1: Foul Ball, location: 2F
0-2: Strikes out swinging
Batting: RHB Santo Cruz 0-0: Ball
1-0: Ball
2-0: Ball
3-0: Called Strike
3-1: Fly out, F8 (Flyball, 8LS)
Top of the 4th over - 1 run(s), 1 hit(s), 0 error(s), 1 left on base; Houston 5 - Mexico City 1
BOTTOM OF THE 4TH
Mexico City Cerveceros batting - Pitching for Houston Hammertime : RHP Máximo Marín
Batting: LHB Gary Kern 0-0: Foul Ball, location: 2F
0-1: Swinging Strike
0-2: Ball
1-2: Foul Ball, location: 2F
1-2: Foul Ball, location: 2F
1-2: SINGLE (Groundball, 56S) (infield hit)
Batting: RHB Robinson Pacheco 0-0: Foul Ball, location: 2F
0-1: Ball
1-1: Foul Ball, location: 2F
1-2: Foul Ball, location: 2F
1-2: Strikes out swinging
Batting: LHB Juan García 0-0: Ball
1-0: Ball
2-0: SINGLE (Groundball, 34D)
Gary Kern to second
Runner from 2nd tries for 3rd, SAFE, no throw
Batting: SHB Richard Bowman 0-0: Ball
1-0: Foul Ball, location: 2F
1-1: Foul Ball, location: 2F
1-2: Foul Ball, location: 2F
1-2: Ball
2-2: Ball
3-2: Foul Ball, location: 2F
3-2: Foul Ball, location: 2F
3-2: Ground out 4-3 (Groundball, 4M)
Gary Kern scores
Juan García to second
Batting: LHB Don Soper 0-0: Called Strike
0-1: Ball
1-1: Ball
2-1: SINGLE (Groundball, 3D)
Juan García to third
Runner from 3rd tries for Home, SAFE, no throw
Batting: RHB Luis Peña 0-0: Fielders Choice at 2nd, 4-6 (Groundball, 4)
Bottom of the 4th over - 2 run(s), 3 hit(s), 0 error(s), 0 left on base; Houston 5 - Mexico City 3
TOP OF THE 5TH
Houston Hammertime batting - Pitching for Mexico City Cerveceros : RHP Tex Perkins
Batting: RHB Victor Andrews 0-0: Ball
1-0: Ball
2-0: Ball
3-0: Base on Balls
Batting: SHB Carlos Córdova 0-0: Ball
1-0: Ball
2-0: Ball
3-0: Called Strike
3-1: Base on Balls
Victor Andrews to second
Batting: LHB Leonardo Medina 0-0: Ball
1-0: Called Strike
1-1: Ball
2-1: Foul Ball, location: 2F
2-2: Ball
3-2: Base on Balls
Victor Andrews to third
Carlos Córdova to second
Batting: RHB José García 0-0: Ball
1-0: Foul Ball, location: 2F
1-1: Ball
2-1: Fly out, F9 (Flyball, 9LMF)
Runner from 3rd tags up, SCORES, no throw
Batting: RHB John Major 0-0: Ball
1-0: Ball
Carlos Córdova steals 3rd base
Leonardo Medina to second
2-0: SINGLE (Line Drive, 9LS)
Carlos Córdova scores
Leonardo Medina to third
Runner from 3rd tries for Home, SAFE, throw made home
John Major to second
Pitching: LHP Columbo Briatori
Batting: RHB Dan Mason 0-0: Foul Ball, location: 2F
0-1: Foul Ball, location: 2F
0-2: Ball
1-2: Foul Ball, location: 2F
1-2: Fly out, F2 (Popup, 2L)
Batting: LHB José Esparza 0-0: Ball
1-0: Ball
2-0: Ball
3-0: Called Strike
3-1: Fly out, F6 (Popup, 4MD)
Top of the 5th over - 3 run(s), 1 hit(s), 0 error(s), 1 left on base; Houston 8 - Mexico City 3
BOTTOM OF THE 5TH
Mexico City Cerveceros batting - Pitching for Houston Hammertime : RHP Máximo Marín
Batting: RHB Murai Ishihara 0-0: Fly out, F9 (Flyball, 89M)
Batting: RHB Hamilton Holbrook 0-0: Called Strike
0-1: SOLO HOME RUN (Flyball, 7D), Distance : 447 ft
Batting: RHB Dennis Stephenson 0-0: Foul Ball, location: 2F
0-1: Ball
1-1: Ball
2-1: Swinging Strike
2-2: Fly out, F9 (Flyball, 9LS)
Batting: LHB Gary Kern 0-0: Ground out U3 (Groundball, 3S)
Bottom of the 5th over - 1 run(s), 1 hit(s), 0 error(s), 0 left on base; Houston 8 - Mexico City 4
TOP OF THE 6TH
Houston Hammertime batting - Pitching for Mexico City Cerveceros : LHP Columbo Briatori
Batting: LHB António Camacho 0-0: SINGLE (Flyball, 7S)
Batting: RHB Santo Cruz 0-0: Ball
1-0: Foul Ball, location: 2F
1-1: Foul Ball, location: 2F
1-2: Ball
2-2: Fly out, F3 (Popup, 3L)
Batting: RHB Victor Andrews 0-0: Ball
1-0: Called Strike
1-1: Swinging Strike
1-2: Ball
2-2: Ball
3-2: Fly out, F8 (Flyball, 89D)
Runner from 1st tags up, SAFE at 2nd
Batting: SHB Carlos Córdova 0-0: Called Strike
0-1: Foul Ball, location: 2F
0-2: Ball
1-2: SINGLE (Groundball, 56D)
António Camacho to third
Runner from 3rd tries for Home, SAFE, no throw
Batting: LHB Leonardo Medina 0-0: Ball
Carlos Córdova steals 2nd base
1-0: Ball
2-0: Foul Ball, location: 2F
2-1: Ball
3-1: Base on Balls
Batting: RHB José García 0-0: Swinging Strike
0-1: Ball
1-1: Fly out, F4 (Popup, 4D)
Top of the 6th over - 1 run(s), 2 hit(s), 0 error(s), 2 left on base; Houston 9 - Mexico City 4
BOTTOM OF THE 6TH
Mexico City Cerveceros batting - Pitching for Houston Hammertime : RHP Máximo Marín
Pitching: RHP António Galindo
Batting: RHB Robinson Pacheco 0-0: Ball
1-0: Foul Ball, location: 2F
1-1: Swinging Strike
1-2: Strikes out looking
Batting: LHB Juan García 0-0: Called Strike
0-1: Ball
1-1: Ball
2-1: Swinging Strike
2-2: Ball
3-2: Ground out U3 (Groundball, 3S)
Batting: SHB Richard Bowman 0-0: Ball
1-0: Called Strike
1-1: Ball
2-1: Ground out 3-1 (Groundball, 23)
Bottom of the 6th over - 0 run(s), 0 hit(s), 0 error(s), 0 left on base; Houston 9 - Mexico City 4
TOP OF THE 7TH
Houston Hammertime batting - Pitching for Mexico City Cerveceros : LHP Columbo Briatori
Batting: RHB John Major 0-0: Ball
1-0: Ground out 5-3 (Groundball, 56S)
Batting: RHB Dan Mason 0-0: Fly out, F9 (Flyball, 9S)
Batting: LHB José Esparza 0-0: Ball
1-0: Swinging Strike
1-1: Ball
2-1: Ball
3-1: Called Strike
3-2: Base on Balls
Batting: LHB António Camacho 0-0: Called Strike
0-1: Ball
1-1: Ball
2-1: Ball
3-1: Foul Ball, location: 2F
3-2: Base on Balls
José Esparza to second
Pitching: LHP Albert Alonzo
Batting: RHB Santo Cruz 0-0: Foul Ball, location: 2F
0-1: Ball
1-1: Swinging Strike
1-2: Foul Ball, location: 2F
1-2: Ball
2-2: Foul Ball, location: 2F
2-2: SINGLE (Line Drive, 8RS)
José Esparza to third
António Camacho to second
Runner from 3rd tries for Home, SAFE, throw made at trailing runner, SAFE at third!
Batting: RHB Victor Andrews 0-0: Ball
1-0: Ball
2-0: Ball
3-0: Base on Balls
Santo Cruz to second
Batting: SHB Carlos Córdova 0-0: Called Strike
0-1: Ball
1-1: Fly out, F8 (Flyball, 8RM)
Top of the 7th over - 1 run(s), 1 hit(s), 0 error(s), 3 left on base; Houston 10 - Mexico City 4
BOTTOM OF THE 7TH
Mexico City Cerveceros batting - Pitching for Houston Hammertime : RHP António Galindo
Batting: LHB Don Soper 0-0: Ball
1-0: Ball
2-0: Foul Ball, location: 2F
2-1: Called Strike
2-2: Strikes out swinging
Batting: RHB Luis Peña 0-0: Ball
1-0: TRIPLE (Groundball, 3L)
Batting: RHB Murai Ishihara 0-0: SINGLE (Groundball, 6MD)
Luis Peña scores
Batting: RHB Hamilton Holbrook 0-0: Called Strike
0-1: Called Strike
0-2: Ball
1-2: Strikes out swinging
Batting: RHB Dennis Stephenson 0-0: Called Strike
0-1: SINGLE (Groundball, 56D)
Murai Ishihara to second
Batting: LHB Gary Kern 0-0: Called Strike
0-1: Foul Ball, location: 2F
0-2: Ball
1-2: Fielders Choice at 2nd, 4-6 (Groundball, 34D)
Bottom of the 7th over - 1 run(s), 3 hit(s), 0 error(s), 1 left on base; Houston 10 - Mexico City 5
TOP OF THE 8TH
Houston Hammertime batting - Pitching for Mexico City Cerveceros : LHP Albert Alonzo
Batting: LHB Leonardo Medina 0-0: Ball
1-0: Foul Ball, location: 2F
1-1: Ball
2-1: Ball
3-1: Base on Balls
Batting: RHB José García 0-0: Ball
1-0: Fly out, F4 (Popup, 34D)
Batting: RHB John Major 0-0: Ball
1-0: Foul Ball, location: 2F
1-1: Swinging Strike
1-2: Ball
2-2: Ball
3-2: Fly out, F9 (Flyball, 9D)
Batting: RHB Dan Mason 0-0: Swinging Strike
0-1: Foul Ball, location: 2F
0-2: Strikes out swinging
Top of the 8th over - 0 run(s), 0 hit(s), 0 error(s), 1 left on base; Houston 10 - Mexico City 5
BOTTOM OF THE 8TH
Mexico City Cerveceros batting - Pitching for Houston Hammertime : RHP António Galindo
Now in CF: Pedro Meza
Batting: RHB Robinson Pacheco 0-0: Ball
1-0: Foul Ball, location: 2F
1-1: Foul Ball, location: 2F
1-2: Ball
2-2: SOLO HOME RUN (Flyball, 8LXD), Distance : 429 ft
Batting: LHB Juan García 0-0: Foul Ball, location: 2F
0-1: Ball
1-1: Fly out, F8 (Flyball, 8LD)
Batting: SHB Richard Bowman 0-0: Ground out 3-1 (Groundball, 34)
Batting: LHB Don Soper 0-0: Ball
1-0: Swinging Strike
1-1: SINGLE (Groundball, 34D)
Batting: RHB Luis Peña 0-0: Called Strike
0-1: Foul Ball, location: 2F
0-2: Strikes out swinging, 2-3 out at first.
Bottom of the 8th over - 1 run(s), 2 hit(s), 0 error(s), 1 left on base; Houston 10 - Mexico City 6
TOP OF THE 9TH
Houston Hammertime batting - Pitching for Mexico City Cerveceros : LHP Albert Alonzo
Batting: LHB José Esparza 0-0: Called Strike
0-1: SINGLE (Line Drive, 9S)
Batting: LHB António Camacho 0-0: Ball
1-0: Ball
2-0: Bunt - Flyout! F3
Batting: RHB Santo Cruz 0-0: Ball
1-0: Ball
José Esparza is caught stealing 2nd base
2-0: Ball
3-0: Base on Balls
Batting: RHB Victor Andrews 0-0: Ball
1-0: Called Strike
1-1: Called Strike
Santo Cruz is caught stealing 2nd base
Top of the 9th over - 0 run(s), 1 hit(s), 0 error(s), 0 left on base; Houston 10 - Mexico City 6
BOTTOM OF THE 9TH
Mexico City Cerveceros batting - Pitching for Houston Hammertime : RHP António Galindo
Batting: RHB Murai Ishihara 0-0: Fly out, F7 (Flyball, 7D)
Batting: RHB Hamilton Holbrook 0-0: Called Strike
0-1: Called Strike
0-2: Ball
1-2: Foul Ball, location: 2F
1-2: Foul Ball, location: 2F
1-2: Ball
2-2: Foul Ball, location: 2F
2-2: Ball
3-2: DOUBLE (Groundball, 5L)
Batting: RHB Dennis Stephenson 0-0: Fly out, F7 (Line Drive, 78M)
Batting: LHB Gary Kern 0-0: Called Strike
0-1: Ball
1-1: Swinging Strike
1-2: Strikes out swinging
Bottom of the 9th over - 0 run(s), 1 hit(s), 0 error(s), 1 left on base; Houston 10 - Mexico City 6
Tuesday, August 8th, 2017 - OOTP Baseball 17.12 Build 75